 Dungeon Crawl Stone Soup version 0.28.0 (webtiles) character file.

Game seed: 13981351540329431618

1878 Host24 the Quickloader (level 9, -1/57 HPs)
             Began as a Kobold Hunter on Feb 23, 2022.
             Slain by a fire elemental (9 damage)
             ... summoned by a deep elf pyromancer
             ... on level 7 of the Dungeon.
             The game lasted 00:25:49 (9643 turns).

Host24 the Quickloader (Kobold Hunter)              Turns: 9643, Time: 00:25:50

Health: -1/57      AC:  7    Str: 12    XL:     9   Next: 36%
Magic:  9/9        EV: 24    Int: 12    God:
Gold:   285        SH:  0    Dex: 23    Spells: 8/8 levels left

rFire   . . .      SeeInvis .   a - +1 hand crossbow
rCold   . . .      Faith    .   (no shield)
rNeg    . . .      Spirit   .   c - +0 leather armour
rPois   .          Reflect  .   (no helmet)
rElec   .          Harm     .   u - +0 cloak
rCorr   .          Rampage  .   (no gloves)
Will    .....                   p - +2 pair of boots {Stlth+}
Stlth   ++++......              (no amulet)
HPRegen 0.19/turn               t - +4 ring of evasion
MPRegen 0.11/turn               K - +6 ring of dexterity

@: no status effects
A: small, no large weapons, nightstalker 3
a: no special abilities


You were on level 7 of the Dungeon.
You visited 2 branches of the dungeon, and saw 8 of its levels.
You also visited: Ossuary.

You collected 285 gold pieces.

Inventory:

Hand Weapons
 a - a +1 hand crossbow (weapon)
 C - the +1 mace "Hulk" {vorpal, rElec rPois rC+ Int-4}
   (You took it off a goblin on level 3 of the Dungeon)

   It inflicts extra damage upon your enemies.
   Int:       It affects your intelligence (-4).
   rC:        It protects you from cold.
   rElec:     It insulates you from electricity.
   rPois:     It protects you from poison.
Missiles
 d - 43 bolts (quivered ammo)
 g - 116 arrows
 n - 72 stones
 y - 18 poisoned darts
Armour
 c - a +0 leather armour (worn)
 p - a +2 pair of boots of stealth (worn)
 u - a +0 cloak (worn)
 L - a +0 plate armour
Jewellery
 b - a ring of poison resistance
 t - a +4 ring of evasion (left hand)
 K - a +6 ring of dexterity (right hand)
Wands
 A - a wand of digging (2)
 B - a wand of flame (9)
 J - a wand of polymorph (6)
Scrolls
 h - a scroll of blinking
 j - 2 scrolls of vulnerability
 l - a scroll of enchant weapon
 m - 2 scrolls of fog
 r - 2 scrolls of teleportation
 s - a scroll of enchant armour
 x - a scroll of brand weapon
 D - a scroll of silence
 G - a scroll of fear
 M - a scroll of amnesia
Potions
 e - 3 potions of attraction {unknown}
 f - 4 potions of curing
 i - 2 potions of invisibility {unknown}
 k - 4 potions of heal wounds {unknown}
 o - 2 potions of lignification {unknown}
 q - a potion of brilliance
 v - a potion of berserk rage {unknown}
 z - a potion of haste
 E - 2 potions of might
 F - 2 potions of cancellation {unknown}
 H - a potion of magic {unknown}
 I - a potion of degeneration {unknown}
 N - 2 potions of flight {unknown}


   Skills:
 - Level 7.3 Fighting
 - Level 10.5 Crossbows
 - Level 7.2 Dodging
 - Level 1.3 Stealth


You had 8 spell levels left.
You didn't know any spells.
Your spell library contained the following spells:

 Spells                   Type           Power      Damage    Failure   Level
 Call Canine Familiar     Summ           0%         N/A       77%         3
 Portal Projectile        Hex/Tloc       0%         N/A       77%         3
 Leda's Liquefaction      Hex/Erth       0%         N/A       99%         4


Dungeon Overview and Level Annotations

Branches:
Dungeon (7/15)             Temple (1/1) D:6         Ossuary (visited)

Altars:
Ashenzari
Cheibriados
Elyvilon
Fedhas
Gozag
Makhleb
Nemelex Xobeh
Qazlal
Ru
Sif Muna
Trog
Uskayaw
Vehumet
Wu Jian
Xom
Zin
The Shining One

Shops:
D:1 !*[

Annotations:
D:3 Grinder
D:4 3 runed translucent doors, ultrashaft's ghost, novice DjFE


Innate Abilities, Weirdness & Mutations

You are small and have problems with some larger weapons.
You are completely attuned to the shadows.


Message History

You shoot a bolt.
The bolt barely misses the deep elf pyromancer.
The deep elf pyromancer gestures wildly while chanting.
Fire: 46 bolts
Press: ? - help, Q - select action, (/) - cycle Shift-Dir - straight line, f/p - deep elf pyromancer
Aim: a deep elf pyromancer, wielding a +0 short sword and wearing a +0 chain mail (lightly wounded, 71% to hit)
You shoot a bolt.
The bolt barely misses the deep elf pyromancer.
The deep elf pyromancer mumbles some strange words.
Fire: 45 bolts
Press: ? - help, Q - select action, (/) - cycle Shift-Dir - straight line, f/p - deep elf pyromancer
Aim: a deep elf pyromancer, wielding a +0 short sword and wearing a +0 chain mail (lightly wounded, 71% to hit)
You shoot a bolt. The bolt hits the deep elf pyromancer.
The deep elf pyromancer is lightly wounded.
The fire elemental hits you. The fire elemental burns you!
The deep elf pyromancer barely misses you.
Fire: 44 bolts
Press: ? - help, Q - select action, (/) - cycle Shift-Dir - straight line, f/p - deep elf pyromancer
Aim: a deep elf pyromancer, wielding a +0 short sword and wearing a +0 chain mail (lightly wounded, 71% to hit)
You shoot a bolt. The bolt hits the deep elf pyromancer.
The deep elf pyromancer is lightly wounded.
The fire elemental barely misses you.
The fire elemental completely misses you.
The deep elf pyromancer barely misses you.
The fire elemental completely misses you.
The fire elemental closely misses you. The fire elemental hits you.
The fire elemental burns you!
* * * LOW HITPOINT WARNING * * *
The deep elf pyromancer mumbles some strange words.
The deep elf pyromancer blinks!
The fire elemental closely misses you.
The fire elemental completely misses you.
The fire elemental barely misses you. The fire elemental hits you.
The fire elemental burns you!
* * * LOW HITPOINT WARNING * * *
The fire elemental misses you. The fire elemental closely misses you.
The fire elemental misses you. The fire elemental hits you.
The fire elemental burns you!
You die...

#..<.....# #........#
#........#######
#..............#
#########......#
#......# #......#
#......# ###.@....#
#..EE....# #...☼☼...#
#...E°...# .##
#....○...# ...
#.....○°.# ...
#......°○############
########○○.°○○°○°..°#
#.○○..○.○°°.°☼


You could see 3 fire elementals.

Vanquished Creatures
  3 ogres
  2 centaurs
  A bullfrog (D:7)
  5 scorpions
  A gnoll sergeant (D:4)
  A howler monkey (D:5)
  2 centaur zombies (Ossuary)
  2 jellies
  A bullfrog zombie (D:6)
  3 hounds
  An orc priest (D:4)
  Jessica (D:2)
  Ijyb (D:3)
  Terence (D:3)
  2 iguanas (D:5)
  Natasha (thrice) (D:3)
  3 orc wizards (D:4)
  A hound skeleton (D:4)
  6 mummies (Ossuary)
  A howler monkey zombie (D:6)
  10 gnolls
  14 adders
  A shadow imp (D:6)
  A white imp (D:5)
  An adder skeleton (D:4)
  A worm (D:3)
  4 dart slugs
  8 orcs
  6 endoplasms
  3 giant cockroaches
  8 goblins
  9 hobgoblins
  7 jackals
  6 kobolds
  2 quokkas
  6 ball pythons
  9 bats
  3 frilled lizards
  4 hobgoblin zombies (Ossuary)
  5 rats
149 creatures vanquished.

Vanquished Creatures (others)
  A ball python (D:3)
1 creature vanquished.

Grand Total: 150 creatures vanquished

Notes
Turn   | Place    | Note
-------+----------+-------------------------------------------
     0 | D:1      | Host24 the Kobold Hunter began the quest for the Orb.
     0 | D:1      | Reached XP level 1. HP: 12/12 MP: 1/1
    53 | D:1      | Reached skill level 5 in Crossbows
   355 | D:1      | Reached XP level 2. HP: 11/18 MP: 2/2
   780 | D:1      | Found Lorghojum's Assorted Antiques.
   978 | D:1      | Reached XP level 3. HP: 15/23 MP: 3/3
  1139 | D:1      | Found Siovvor's Antique Armour Boutique.
  1358 | D:1      | Found a faded altar of an unknown god.
  1748 | D:1      | Found Ryurphap's Distillery.
  2197 | D:2      | Noticed Jessica
  2203 | D:2      | Killed Jessica
  2204 | D:2      | Reached skill level 6 in Crossbows
  2204 | D:2      | Reached XP level 4. HP: 13/28 MP: 4/4
  3159 | D:2      | Reached XP level 5. HP: 32/32 MP: 5/5
  3715 | D:3      | Noticed Terence
  3737 | D:3      | Killed Terence
  3738 | D:3      | Reached skill level 7 in Crossbows
  4279 | D:3      | Noticed Natasha
  4287 | D:3      | Killed Natasha
  4380 | D:3      | Noticed Grinder
  4468 | D:3      | Noticed Ijyb
  4475 | D:3      | Reached XP level 6. HP: 37/37 MP: 6/6
  4483 | D:3      | Killed Ijyb
  4874 | D:3      | Noticed Natasha
  4877 | D:3      | Killed Natasha
  4878 | D:3      | Reached skill level 8 in Crossbows
  5223 | D:3      | Noticed Natasha
  5236 | D:3      | Killed Natasha
  5761 | D:4      | Reached skill level 9 in Crossbows
  5761 | D:4      | Reached XP level 7. HP: 39/41 MP: 7/7
  5951 | D:4      | Identified the +1 mace "Hulk" {vorpal, rElec rPois rC+
                  | Int-4}
  6411 | D:4      | Found a white marble altar of Elyvilon.
  6625 | D:4      | Reached skill level 10 in Crossbows
  6978 | D:4      | Found a runed translucent gate.
  6979 | D:4      | Found a runed translucent gate.
  6980 | D:4      | Found a runed translucent gate.
  6980 | D:4      | Noticed ultrashaft's ghost (novice DjFE)
  7092 | D:5      | Entered Level 5 of the Dungeon
  7162 | D:5      | Reached XP level 8. HP: 44/46 MP: 8/8
  7414 | D:5      | Found a sand-covered staircase.
  7421 | Ossuary  | Entered an ossuary
  7436 | Ossuary  | Reached skill level 5 in Fighting
  8764 | D:6      | Found a staircase to the Ecumenical Temple.
  8773 | Temple   | Entered the Ecumenical Temple
  8938 | D:6      | Reached XP level 9. HP: 57/57 MP: 9/9
  9034 | D:6      | Reached skill level 5 in Dodging
  9608 | D:7      | Noticed a deep elf pyromancer
  9643 | D:7      | Slain by a fire elemental

Illustrated notes

Levels and vault maps discovered:
D:1:      onia_arrival_mini_maze, layout_basic, serial_shops, shop,
          nicolae_shop_overgrown_old_shop, nicolae_shop_statue_plus,
          basic_ecumenical_altar, serial_park_tiny_pond
D:2:      layout_basic, patterned_corridor, uniq_jessica
D:3:      layout_loops_ring, hangedman_decor_push, minmay_misc_feat_encased,
          lemuel_flame_loot_1, uniq_terence, uniq_grinder, uniq_ijyb,
          uniq_natasha
D:4:      layout_cave_pools, mainiacjoe_overflow_concentric_impassable,
          biasface_ghost_orc_armoury
D:5:      layout_loops_corners, lightli_ossuary_entry_decrepit_ruins
D:6:      layout_rooms, minmay_temple_entry_gardened_gates
D:7:      layout_gridville, enter_bailey_2, st_stairs_10, uniq_prince_ribbit1,
          uniq_duvessa
Temple:   compressed_dpeg_circular_temple

Skill      XL: |  1  2  3  4  5  6  7  8  9 |
---------------+----------------------------+-----
Crossbows      | 5 6 7 9 10 | 10.5
Fighting       | 3 7 |  7.3
Dodging        | 3 7 |  7.2
Stealth        | |  1.3

Action                   |  1- 3 |  4- 6 |  7- 9 || total
-------------------------+-------+-------+-------++-------
Melee: Short sword       |   141 |   163 |    14 ||   318
       Punch             |     3 |     1 |     1 ||     5
       Mace              |       |       |    82 ||    82
       Hand crossbow     |       |       |     1 ||     1
 Fire: Hand crossbow     |    22 |    86 |   199 ||   307
  Use: Potion            |       |       |     2 ||     2
       Scroll            |       |       |    11 ||    11
 Stab: Sleeping          |     9 |    16 |     7 ||    32
       Distracted        |       |       |     1 ||     1
Armor: Leather armour    |    39 |    37 |    59 ||   135
Dodge: Dodged            |   142 |   196 |   271 ||   609
